 Dungeon Crawl Stone Soup version 0.30-a0-591-g3c58d2bc28 (webtiles) character file.

Game seed: 12487780922557704224

30 Newt the Ducker (level 3, 0/27 HPs)
             Began as a Demonspawn Gladiator on Jan 5, 2023.
             Slain by a gnoll
             ... wielding a +0 spear
              (4 damage)
             ... on level 2 of the Dungeon.
             The game lasted 00:01:03 (643 turns).

Newt the Ducker (Demonspawn Gladiator)               Turns: 643, Time: 00:01:03

Health: 0/27       AC:  4    Str: 16    XL:     3   Next: 3%
Magic:  3/3        EV: 12    Int:  9    God:
Gold:   41         SH:  0    Dex: 14    Spells: 2/2 levels left

rFire   . . .      SeeInvis .    g - +2 mace (vamp)
rCold   . . .      Faith    .    (no shield)
rNeg    . . .      Spirit   .    b - +0 leather armour
rPois   .          Reflect  .    c - +0 helmet
rElec   .          Harm     .    (no cloak)
rCorr   .          Rampage  .    (no gloves)
Will    .....                    (no boots)
Stlth   ++                       m - amulet of the acrobat
HPRegen 0.24/turn                (no ring)
MPRegen 0.08/turn                (no ring)

@: hasted, very quick
A: weakness stinger 1
a: no special abilities


You were on level 2 of the Dungeon.
You visited 1 branch of the dungeon, and saw 2 of its levels.

You collected 41 gold pieces.

Inventory:

Hand Weapons
 a - a +0 rapier
 g - a +2 vampiric mace (weapon)
Missiles
 d - 3 throwing nets (quivered)
 e - a javelin
Armour
 b - a +0 leather armour (worn)
 c - a +0 helmet (worn)
Jewellery
 m - an amulet of the acrobat (around neck)
Scrolls
 f - a scroll of teleportation
 h - a scroll of magic mapping
Potions
 j - a potion of haste


   Skills:
 - Level 2.0 Fighting
 - Level 2.6 Short Blades
 + Level 1.4 Maces & Flails
 - Level 1.7 Throwing
 - Level 2.6 Dodging
 - Level 2.0 Stealth


You had 2 spell levels left.
You didn't know any spells.
Your spell library was empty.

Dungeon Overview and Level Annotations

Branches:
Dungeon (2/15)

Altars:


Innate Abilities, Weirdness & Mutations

You have a small tail.


Message History

No target in view!
No target in view!
No target in view!
No target in view!
No target in view!
No target in view!
You now have 41 gold pieces (gained 11).
f - a scroll of teleportation A gnoll comes into view.
It is wielding a +0 flail.
A gnoll is nearby!
A gnoll is nearby!
A gnoll is nearby!
A gnoll and a bat come into view.
The gnoll shouts! x2; You hear a shout! x3
A gnoll comes into view. It is wielding a +0 spear. x2
A hobgoblin comes into view.
The gnoll completely misses you. The bat completely misses you.
You hit the gnoll.
The gnoll is heavily wounded.
The bat closely misses you. The gnoll closely misses you.
The gnoll hits you with a +0 flail!
You sock the gnoll!
You kill the gnoll!
The bat barely misses you.
The gnoll hits you from afar with a +0 spear!
The gnoll hits you from afar with a +0 spear.
* * * LOW HITPOINT WARNING * * *
The gnoll hits you from afar with a +0 spear.
* * * LOW HITPOINT WARNING * * *
Your Maces & Flails skill increases to level 1!
You have reached level 3!
Your experience leads to an increase in your attributes!
Increase (S)trength, (I)ntelligence, or (D)exterity?
You feel stronger. x2
Okay, then.
It was a potion of haste.
You feel yourself speed up. The bat barely misses you.
The bat hits you but does no damage. The gnoll barely misses you.
The gnoll hits you from afar with a +0 spear.
You die...

#.# ### #.# #.#
#.# #.# #.# #.#
#.#########.#.##
#......b@......#
########.)####.#
#gg.# gg.#.#
...### .....
.....# #####.#


You could see 3 gnolls, a hobgoblin and a bat.

Vanquished Creatures
  A gnoll (D:2)
  3 endoplasms (D:1)
  A giant cockroach (D:2)
  2 goblins (D:1)
  2 hobgoblins
  2 kobolds (D:1)
  A quokka (D:2)
  4 ball pythons
  A bat (D:1)
  A frilled lizard (D:1)
  A rat (D:1)
19 creatures vanquished.

Notes
Turn   | Place    | Note
-------+----------+-------------------------------------------
     0 | D:1      | Newt the Demonspawn Gladiator began the quest for the Orb.
     0 | D:1      | Reached XP level 1. HP: 16/16 MP: 1/1
   107 | D:1      | Reached skill level 1 in Stealth
   235 | D:1      | Gained mutation: You have a small tail. [demonic ancestry]
   235 | D:1      | Reached XP level 2. HP: 22/22 MP: 2/2
   643 | D:2      | Reached skill level 1 in Maces & Flails
   643 | D:2      | Reached XP level 3. HP: 4/27 MP: 3/3
   643 | D:2      | Slain by a gnoll

Illustrated notes

Levels and vault maps discovered:
D:1:      minmay_arrival_jagged, layout_rooms, chequers_serial_rivers_room_a
D:2:      layout_basic, minmay_misc_feat_tiny

Skill      XL: |  1  2 |
---------------+-------+-----
Stealth        | 1 2 |  2.0
Maces & Flails | 1 |  1.4
Fighting       | |  2.0
Short Blades   | |  2.6
Throwing       | |  1.7
Dodging        | |  2.6

Action                   || total
-------------------------++-------
Melee: Rapier            ||    15
       Mace              ||    32
       Tailslap          ||     4
  Use: Scroll            ||     4
       Potion            ||     1
 Stab: Sleeping          ||     1
Armor: Leather armour    ||    13
Dodge: Dodged            ||    39

Table legend: (Time is in decaauts)
 A = Elapsed time spent in this place.
 B = Non-inter-level travel time spent in this place.
 C = Inter-level travel time spent in this place.
 D = Time resting spent in this place.
 E = Time spent auto-exploring this place.
 F = Levels seen in this place.
 G = Mean time per level.
                   A        B        C        D        E       F      G
               +--------+--------+--------+--------+--------+-----+--------+
         Total |    656 |    623 |     33 |      0 |    470 |   2 |  328.0 |
       Dungeon |    656 |    623 |     33 |      0 |    470 |   2 |  328.0 |
               +--------+--------+--------+--------+--------+-----+--------+

Top non-repeatable levels by time:
     D:1: 576 daAuts
     D:2: 80 daAuts
